 Dungeon Crawl Stone Soup version 0.31-a0-845-g9abc20d24f (webtiles) character file.

Game seed: 613028029712359065

67 Dirtsage the Chopper (level 3, 0/31 HPs)
             Began as a Minotaur Fighter on Oct 2, 2023.
             Slain by a gnoll
             ... wielding a +0 spear
              (3 damage)
             ... on level 2 of the Dungeon.
             The game lasted 00:01:03 (816 turns).

Dirtsage the Chopper (Minotaur Fighter)              Turns: 816, Time: 00:01:03

Health: 0/31       AC:  6    Str: 22    XL:     3   Next: 98%
Magic:  2/2        EV:  9    Int:  5    God:
Gold:   75         SH:  4    Dex:  9    Spells: 2/2 levels left

rFire   . . .        a - +0 war axe
rCold   . . .        c - +0 buckler
rNeg    . . .        b - +0 scale mail
rPois   .            (helmet restricted)
rElec   .            (no cloak)
rCorr   .            (no gloves)
SInv    .            (no boots)
Will    .....        (no amulet) Stlth
                     (no ring)
HPRegen 0.25/turn    (no ring)
MPRegen 0.08/turn

%: no passive effects
@: no status effects
A: horns 2, retaliatory headbutt
a: no special abilities


You were on level 2 of the Dungeon.
You visited 1 branch of the dungeon, and saw 2 of its levels.

You collected 75 gold pieces.

Inventory:

Hand Weapons
 a - a +0 war axe (weapon)
Armour
 b - a +0 scale mail (worn)
 c - a +0 buckler (worn)
Scrolls
 e - 5 scrolls of identify {unknown}
 f - a scroll of revelation {unknown}
 h - a scroll of enchant weapon {unknown}
Potions
 d - a potion of might
 g - a potion of berserk rage {unknown}


   Skills:
 - Level 3.6 Fighting
 + Level 5.2 Axes
 - Level 3.6 Armour
 - Level 3.6 Shields


You had 2 spell levels left.
You didn't know any spells.
Your spell library contained the following spells:

 Spells                   Type           Power      Damage    Failure   Level
 Passage of Golubria      Tloc           0%         N/A       100%        4
 Silence                  Hex/Air        0%         N/A       100%        5
 Lehudib's Crystal Spear  Conj/Erth      0%         10d2      100%        8


Dungeon Overview and Level Annotations

Branches:
Dungeon (2/15)

Altars:


Innate Abilities, Weirdness & Mutations

You have a pair of horns on your head.
You reflexively headbutt those who attack you in melee.


Message History

You hear a shout!
You slash the hobgoblin!
You kill the hobgoblin!
A gnoll comes into view. It is wielding a +0 spear.
The gnoll barely misses you.
Found 8 gold pieces.
Found a stone staircase leading down.
A gnoll comes into view. It is wielding a +0 spear.
The gnoll hits you with a +0 spear!
Things that are here:
a hobgoblin corpse; a jackal corpse You take 7 damage, and have 23/31 hp.
MASSIVE DAMAGE!!
You slash the gnoll!
The gnoll is almost dead.
The gnoll hits you with a +0 spear. The gnoll closely misses you.
You take 6 damage, and have 17/31 hp.
You are too injured to fight recklessly!
You are too injured to fight recklessly!
You are too injured to fight recklessly!
You are too injured to fight recklessly!
You barely miss the gnoll.
The gnoll is almost dead.
You closely miss the gnoll.
The gnoll hits you from afar with a +0 spear!
The gnoll hits you with a +0 spear.
* * * LOW HITPOINT WARNING * * *
You take 12 damage, and have 5/31 hp.
MASSIVE DAMAGE!!
The gnoll hits you but does no damage. The gnoll attacks as it pursues you!
The gnoll closely misses you.
You slash the gnoll!
The gnoll is severely wounded.
You block the gnoll's attack.
The gnoll hits you from afar with a +0 spear.
* * * LOW HITPOINT WARNING * * *
The gnoll closely misses you.
You take 2 damage, and have 3/31 hp.
You barely miss the gnoll.
The gnoll is severely wounded.
The gnoll hits you but does no damage.
The gnoll hits you from afar with a +0 spear.
You die...

#.$.....# .#
#......[#...
#.......#..
#.........
#.......#
#...g..g#
#...gg.># #g#
########@#####
#............#
#.###.##..##.#
#.#...#
.##.###.....##.
...............
.##.###.)...##.
#.###.#.#.##.
#..<.<.......


You could see 4 gnolls.

Vanquished Creatures
  Jessica (D:2)
  2 dart slugs (D:1)
  4 ball pythons (D:1)
  6 endoplasms
  A giant cockroach (D:1)
  4 goblins (D:1)
  3 hobgoblins
  4 jackals (D:2)
  A quokka (D:1)
  A bat (D:1)
  3 frilled lizards (D:1)
  2 rats (D:1)
32 creatures vanquished.

Notes
Turn   | Place    | Note
-------+----------+-------------------------------------------
     0 | D:1      | Dirtsage the Minotaur Fighter began the quest for the Orb.
     0 | D:1      | Reached XP level 1. HP: 19/19 MP: 0/0
    49 | D:1      | Reached skill level 3 in Axes
    68 | D:1      | Reached XP level 2. HP: 26/26 MP: 1/1
   340 | D:1      | Reached skill level 4 in Axes
   399 | D:1      | Reached XP level 3. HP: 31/31 MP: 2/2
   765 | D:2      | Noticed Jessica
   772 | D:2      | Killed Jessica
   773 | D:2      | Reached skill level 5 in Axes
   816 | D:2      | Slain by a gnoll

Illustrated notes

Levels and vault maps discovered:
D:1:      dpeg_arrival_stonehenge_8_columns, layout_basic
D:2:      minmay_inner_zag, layout_loops_corners, due_unseen_surprise,
          uniq_jessica, uniq_natasha

Skill      XL: |  1  2  3 |
---------------+----------+-----
Axes           | 3 4 5 |  5.2
Fighting       | |  3.6
Armour         | |  3.6
Shields        | |  3.6

Action                     || total
---------------------------++-------
  Melee: War axe           ||    61
         Headbutt          ||     4
 Armour: Scale mail        ||    42
  Dodge: Dodged            ||    32
  Block: Buckler           ||    17

Table legend: (Time is in decaauts)
 A = Elapsed time spent in this place.
 B = Non-inter-level travel time spent in this place.
 C = Inter-level travel time spent in this place.
 D = Time resting spent in this place.
 E = Time spent auto-exploring this place.
 F = Levels seen in this place.
 G = Mean time per level.
                   A        B        C        D        E       F      G
               +--------+--------+--------+--------+--------+-----+--------+
         Total |    835 |    800 |     35 |      0 |    657 |   2 |  417.5 |
       Dungeon |    835 |    800 |     35 |      0 |    657 |   2 |  417.5 |
               +--------+--------+--------+--------+--------+-----+--------+

Top non-repeatable levels by time:
     D:1: 780 daAuts
     D:2: 55 daAuts
